 Dungeon Crawl Stone Soup version 0.29.1-1-gd02db6906a (webtiles) character file.

Game seed: 8338779832997882853

2480 QueenGhuleh the Carver (level 9, -14/118 HPs)
             Began as a Minotaur Berserker on Sept 27, 2022.
             Was an Elder of Trog.
             Demolished by a komodo dragon (17 damage)
             ... on level 7 of the Dungeon.
             The game lasted 00:16:16 (5648 turns).

QueenGhuleh the Carver (Minotaur Berserker)         Turns: 5648, Time: 00:16:16

Health: -14/118    AC: 13    Str: 26    XL:     9   Next: 27%
Magic:  8/8        EV:  8    Int: 10    God:    Trog [****..]
Gold:   296        SH:  0    Dex: 10    Spells: 8/8 levels left

rFire   . . .      SeeInvis .   s - +7 Throatcutter {drain, coup de grace}
rCold   . . .      Faith    .   (no shield)
rNeg    . . .      Spirit   .   k - +0 plate armour
rPois   .          Reflect  .   (helmet restricted)
rElec   .          Harm     .   (no cloak)
rCorr   .          Rampage  .   (no gloves)
Will    .....                   (no boots)
Stlth   ..........              h - amulet of regeneration
HPRegen 1.09/turn               t - +6 ring of intelligence
MPRegen 0.11/turn               (no ring)

@: berserking (expiring), on fire, glowing, very quick
A: horns 2, retaliatory headbutt
a: Renounce Religion, Berserk, Trog's Hand, Brothers in Arms


You were on level 7 of the Dungeon.
You worshipped Trog.
Trog was greatly pleased with you.
You visited 1 branch of the dungeon, and saw 7 of its levels.

You collected 296 gold pieces.

Inventory:

Hand Weapons
 s - the +7 Throatcutter (weapon) {drain, coup de grace}
   (You took it off Terence on level 3 of the Dungeon)

   A truly terrible weapon, it drains the life of any living foe it strikes.
   It may instantly kill foes which have little health.
 u - a +2 war axe of venom
Armour
 k - a +0 plate armour (worn)
Jewellery
 h - an amulet of regeneration (around neck)
 t - a +6 ring of intelligence (left hand)
Wands
 v - a wand of charming (11)
 x - a wand of polymorph (6)
Scrolls
 a - a scroll of enchant weapon {unknown}
 b - 6 scrolls of identify {unknown}
 c - 2 scrolls of amnesia {unknown}
 e - a scroll of noise {unknown}
 i - a scroll of enchant armour {unknown}
 l - 5 scrolls of teleportation {unknown}
 w - a scroll of fog {unknown}
Potions
 d - a potion of resistance {unknown}
 f - 2 potions of flight {unknown}
 g - a potion of might {unknown}
 j - 6 potions of curing
 m - a potion of lignification {unknown}
 n - a potion of attraction {unknown}
 o - 2 potions of degeneration {unknown}
 p - a potion of magic {unknown}
 q - 4 potions of heal wounds {unknown}
 r - a potion of brilliance {unknown}


   Skills:
 + Level 7.2 Fighting
 + Level 9.7 Long Blades
 + Level 6.1 Axes
 + Level 7.7 Armour
 + Level 2.9 Dodging
 + Level 1.5 Stealth


You had 8 spell levels left.
You didn't know any spells.
Your spell library was empty.

Dungeon Overview and Level Annotations

Branches:
Dungeon (7/15)             Temple (0/1) D:5

Altars:
Ashenzari
Dithmenos
Makhleb
Wu Jian
Yredelemnul

Shops:
D:2 ?   D:6 *


Innate Abilities, Weirdness & Mutations

You have a pair of horns on your head.
You reflexively headbutt those who attack you in melee.


Message History

You slash the deep elf pyromancer! You drain the deep elf pyromancer.
The deep elf pyromancer is heavily wounded.
The steam dragon bites you.
* * * LOW HITPOINT WARNING * * *
The steam dragon claws you.
* * * LOW HITPOINT WARNING * * *
The deep elf pyromancer hits you but does no damage.
You miss the deep elf pyromancer.
The deep elf pyromancer is heavily wounded.
The komodo dragon completely misses you.
You barely miss the deep elf pyromancer.
You headbutt the deep elf pyromancer!
The deep elf pyromancer is severely wounded.
The steam dragon bites you but does no damage.
The steam dragon closely misses you.
The deep elf pyromancer hits you but does no damage.
You slash the deep elf pyromancer!
The deep elf pyromancer is almost dead.
The komodo dragon barely misses you.
You closely miss the deep elf pyromancer.
Your headbutt misses the deep elf pyromancer.
The deep elf pyromancer is almost dead.
The deep elf pyromancer hits you with a +0 rapier.
* * * LOW HITPOINT WARNING * * *
The steam dragon bites you but does no damage.
The steam dragon claws you but does no damage.
You closely miss the deep elf pyromancer.
Your headbutt misses the deep elf pyromancer.
The deep elf pyromancer is almost dead.
The komodo dragon bites you!
* * * LOW HITPOINT WARNING * * *
You barely miss the deep elf pyromancer.
The deep elf pyromancer is almost dead.
The steam dragon bites you but does no damage.
The steam dragon claws you but does no damage.
The deep elf pyromancer gestures at you while chanting.
The sticky flame hits you but does no damage.
You are covered in liquid flames!
The komodo dragon bites you!
You die...

### ... ###.## ##.....##
#....hle## #@.##.#
#######D.#.# .#
#!..D§#..#.##### #..
...!§§.#........ #..
?#§.#..####
#..#######..#..#
#.)#.#.#..##..#
#.......##...###########
##.....##..#............


You could see a komodo dragon (drained), a deep elf pyromancer (drained), a
steam dragon and a howler monkey.

Vanquished Creatures
  Pikel (D:6)
  A troll (D:5)
  A water moccasin (D:5)
  An orc warrior (D:7)
  A black bear (D:6)
  An ice beast (D:6)
  An ogre (D:4)
  A phantom (D:6)
  2 centaurs
  2 kobold brigands
  4 scorpions
  A killer bee (D:5)
  2 howler monkeys
  3 hounds (D:5)
  A jelly (D:6)
  2 orc priests
  Crazy Yiuf (D:3)
  Jessica (D:2)
  3 iguanas
  An orc wizard (D:6)
  Natasha (thrice) (D:4)
  Terence (D:3)
  Robin (D:2)
  4 adders
  A shadow imp (D:6)
  2 white imps (D:5)
  2 worms (D:3)
  2 dart slugs
  17 orcs
  14 ball pythons
  9 endoplasms
  7 giant cockroaches
  10 hobgoblins
  7 jackals
  3 quokkas
  5 bats
  7 frilled lizards
  20 goblins
  17 kobolds
  3 rats
166 creatures vanquished.

Notes
Turn   | Place    | Note
-------+----------+-------------------------------------------
     0 | D:1      | QueenGhuleh the Minotaur Berserker began the quest for the
                  | Orb.
     0 | D:1      | Reached XP level 1. HP: 19/19 MP: 0/0
    33 | D:1      | Reached XP level 2. HP: 18/27 MP: 1/1
   627 | D:1      | Reached ** piety under Trog
   628 | D:1      | Reached XP level 3. HP: 33/33 MP: 2/2
  1108 | D:2      | Noticed Jessica
  1116 | D:2      | Killed Jessica
  1117 | D:2      | Reached XP level 4. HP: 22/41 MP: 3/3
  1384 | D:2      | Found a faded altar of an unknown god.
  1487 | D:2      | Found Dyloibev's Magic Scroll Shop.
  1746 | D:2      | Noticed Robin
  1756 | D:2      | Reached skill level 5 in Axes
  1759 | D:2      | Killed Robin
  2278 | D:3      | Reached skill level 5 in Fighting
  2278 | D:3      | Reached XP level 5. HP: 33/48 MP: 4/4
  2402 | D:3      | Found a runed translucent door.
  2403 | D:3      | Noticed Crazy Yiuf
  2751 | D:3      | Found a basalt altar of Yredelemnul.
  2752 | D:3      | Found an ornate altar of the Wu Jian Council.
  2754 | D:3      | Reached *** piety under Trog
  2758 | D:3      | Found a broken altar of Ashenzari.
  2843 | D:3      | Noticed Terence
  2849 | D:3      | Killed Terence
  3205 | D:3      | Killed Crazy Yiuf
  3333 | D:4      | Noticed Natasha
  3342 | D:4      | Killed Natasha
  3380 | D:4      | Reached skill level 1 in Long Blades
  3380 | D:4      | Reached XP level 6. HP: 52/56 MP: 5/5
  3406 | D:4      | Noticed Natasha
  3411 | D:4      | Killed Natasha
  3415 | D:4      | Reached skill level 2 in Long Blades
  3417 | D:4      | Reached skill level 3 in Long Blades
  3781 | D:4      | Noticed Natasha
  3785 | D:4      | Reached XP level 7. HP: 60/61 MP: 6/6
  3788 | D:4      | Killed Natasha
  3789 | D:4      | Reached skill level 4 in Long Blades
  3931 | D:4      | Reached skill level 5 in Armour
  3974 | D:5      | Entered Level 5 of the Dungeon
  3991 | D:5      | Reached skill level 5 in Long Blades
  4048 | D:5      | Found a staircase to the Ecumenical Temple.
  4074 | D:5      | Reached skill level 6 in Long Blades
  4294 | D:5      | Reached **** piety under Trog
  4351 | D:5      | Reached XP level 8. HP: 69/70 MP: 7/7
  4362 | D:5      | Reached skill level 7 in Long Blades
  4442 | D:5      | Found a burning altar of Makhleb.
  4517 | D:5      | Noticed a troll
  4528 | D:5      | Killed a troll
  4795 | D:5      | Reached skill level 8 in Long Blades
  4996 | D:6      | Found a shadowy altar of Dithmenos.
  5104 | D:6      | Found Wadocw's Neck Hole.
  5352 | D:6      | Noticed Pikel
  5357 | D:6      | Killed Pikel
  5358 | D:6      | Reached skill level 9 in Long Blades
  5358 | D:6      | Reached XP level 9. HP: 66/79 MP: 8/8
  5605 | D:7      | Reached skill level 1 in Stealth
  5632 | D:7      | Noticed a komodo dragon
  5633 | D:7      | Noticed a deep elf pyromancer
  5647 | D:7      | HP: 2/118 [komodo dragon (11)]
  5648 | D:7      | Demolished by a komodo dragon

Illustrated notes

Levels and vault maps discovered:
D:1:      elethiomel_arrival_shortcut, layout_rooms, minivault_11,
          minmay_domino_2
D:2:      layout_basic, serial_shops, nicolae_shop_hallway_plus,
          serial_aquarium, aquarium_bridge_long_separate
          [aquarium_subvault_bridge, aquarium_subvault_window,
          aquarium_subvault_bridge, aquarium_subvault_window,
          aquarium_subvault_bridge, aquarium_subvault_wall],
          aquarium_bridge_square [aquarium_subvault_bridge,
          aquarium_subvault_window, aquarium_subvault_wall,
          aquarium_subvault_balcony], aquarium_window_2, aquarium_window_corner,
          aquarium_window_1, aquarium_window_2, aquarium_view_2f,
          aquarium_pool_2, nicolae_ecumenical_snake_handling, uniq_jessica,
          uniq_robin
D:3:      layout_loops_ring, gammafunk_temple_overflow_forgotten,
          glass_columns_c, uniq_terence, uniq_crazy_yiuf_cottage
D:4:      layout_basic, uniq_natasha
D:5:      kennysheep_big_flooded_room, layout_rooms, kennysheep_mini_moat,
          minmay_temple_entry_glassed_door
D:6:      layout_basic, grunt_dithmenos_smoke,
          nicolae_shop_sticking_my_neck_out, uniq_pikel
D:7:      minmay_the_grid_octo_2x2 [minmay_the_grid_octo_teeth,
          minmay_the_grid_octo_chip, minmay_the_grid_octo_toaster,
          minmay_the_grid_octo_prize_ultimate_mussel_roller], layout_loops_ring,
          serial_shops, nicolae_stop_n_shop_1, minmay_fractal_squares_5,
          uniq_menkaure

Skill      XL: |  1  2  3  4  5  6  7  8  9 |
---------------+----------------------------+-----
Axes           | 4 5 6 |  6.1
Fighting       | 4 5 7 |  7.2
Armour         | 3 4 5 7 |  7.7
Long Blades    | 1 3 6 9 |  9.7
Stealth        | 1 |  1.5
Dodging        | |  2.9

Action                   |  1- 3 |  4- 6 |  7- 9 || total
-------------------------+-------+-------+-------++-------
Melee: Hand axe          |    73 |    58 |       ||   131
       Headbutt          |    12 |    19 |    13 ||    44
       Punch             |     3 |     2 |     2 ||     7
       Falchion          |       |    30 |       ||    30
       Long sword        |       |    36 |   117 ||   153
Invok: Berserk           |       |     3 |     2 ||     5
Armor: Animal skin       |    13 |     3 |       ||    16
       Plate armour      |       |    64 |    87 ||   151
Dodge: Dodged            |    42 |    62 |    60 ||   164
